 Seeded DCSS version 0.30.1-9-gdf580d7c3d (webtiles) character file.

Game seed: 7229806256980976716 (custom seed)

30 Psyclone the Stinger (level 3, 21/21 HPs)
             Began as an Octopode Venom Mage on Oct 2, 2023.
             Quit the game on level 2 of the Dungeon.
             The game lasted 00:03:13 (1168 turns).

Psyclone the Stinger (Octopode Venom Mage)          Turns: 1168, Time: 00:03:14

Health: 21/21      AC:  4    Str:  7    XL:     3   Next: 18%
Magic:  15/15      EV: 13    Int: 27    God:
Gold:   59         SH:  0    Dex:  8    Spells: 3/6 levels left

rFire   + . .        a - +3 Elemental Staff {rElec rF+ rC+ AC+3}
rCold   + + +        (no shield)
rNeg    . . .        (helmet restricted)
rPois   +            (no amulet)
rElec   +            e - ring of the Mage {Wiz Archmagi}
rCorr   .            f - ring "Yjoxom" {Contam rPois rC++ MP+9 Int+8 Dex-4}
SInv    .            (no ring)
Will    .....        (no ring)
Stlth   +++          (no ring)
HPRegen 0.23/turn    (no ring)
MPRegen 0.14/turn    (no ring)
                     (no ring)

%: wizardry (x1), archmagi
@: no status effects
A: almost no armour, amphibious, 8 rings, camouflage 1, gelatinous body 1,
(nimble swimmer 1), tentacles
a: no special abilities


You were on level 2 of the Dungeon.
You visited 1 branch of the dungeon, and saw 2 of its levels.

You collected 59 gold pieces.

Inventory:

Hand Weapons
 a - the +3 Elemental Staff (weapon) {rElec rF+ rC+ AC+3}
   (You acquired it on level 1 of the Dungeon)

   It enhances your fire, ice, earth and air magic.
   AC:        It affects your AC (+3).
   rF:        It protects you from fire.
   rC:        It protects you from cold.
   rElec:     It insulates you from electricity.
Missiles
 k - a throwing net {!f}
Jewellery
 e - the ring of the Mage (left tentacle) {Wiz Archmagi}
   (You acquired it on level 1 of the Dungeon)

   [ring of wizardry]

   It improves your spell success rate.
   Archmagi:  It increases the power of your magical spells.
 f - the ring "Yjoxom" (right tentacle) {Contam rPois rC++ MP+9 Int+8 Dex-4}
   (You acquired it on level 1 of the Dungeon)

   [ring of magical power]

   Int:       It affects your intelligence (+8).
   Dex:       It affects your dexterity (-4).
   rC:        It greatly protects you from cold.
   rPois:     It protects you from poison.
   MP:        It affects your magic capacity (+9).
   Contam:    It causes magical contamination when unequipped.
Scrolls
 b - 2 scrolls of amnesia {unknown}
 d - a scroll of teleportation {unknown}
 h - a scroll of enchant armour {unknown}
 j - a scroll of blinking {unknown}
 l - 2 scrolls of identify {unknown}
Potions
 c - a potion of magic
 g - a potion of might {unknown}
 i - a potion of mutation {unknown}
 m - 2 potions of curing {unknown}


   Skills:
 + Level 2.3 Dodging
 + Level 3.2 Stealth
 + Level 2.3 Spellcasting
 + Level 1.5 Transmutations
 + Level 4.0 Poison Magic


You had 3 spell levels left.
You knew the following spells:

 Your Spells              Type           Power      Damage    Failure   Level
a - Poisonous Vapours     Pois/Air       62%        N/A       2%          2
v - Sting                 Tmut/Pois      100%       1d8       1%          1

Your spell library contained the following spells:

 Spells                   Type           Power      Damage    Failure   Level
 Mephitic Cloud           Conj/Pois/Air  23%        N/A       7%          3
 Olgreb's Toxic Radiance  Pois           37%        N/A       8%          4


Dungeon Overview and Level Annotations

Branches:
Dungeon (2/15) Zot: 10826

Altars:


Innate Abilities, Weirdness & Mutations

You cannot wear most types of armour.
You are amphibious.
You can wear up to eight rings at the same time.
Your skin changes colour to match your surroundings (Stealth+).
Your rubbery body absorbs attacks. (AC +1, EV +1)
((You are camouflaged when in or above water. (Stealth+)))
You have tentacles for arms and can constrict up to eight enemies at once.


Message History

Confirm with . or Enter, or press ? or * to list all spells.
Aiming: Poisonous Vapours (safe; 2% risk of failure)
Press: ? - help, Dir - move target, f/p - worm
Aim: a worm (lightly wounded, extremely poisoned)
You feel a strong surge of power!
Poisonous vapours surround the worm!
The worm looks as sick as possible!
You now have 9/15 mp.
You hit the worm. Your grab misses the worm.
The worm is heavily wounded.
The worm closely misses you.
You hit the worm. You grab the worm. You squeeze the worm, but do no damage.
The worm is almost dead.
You constrict the worm. The worm completely misses you.
You hit the worm.
You kill the worm!
Your Poison Magic skill increases to level 4!
Magic restored.
You now have 59 gold pieces (gained 9).
Key pressed, stopping explore.
You open the door.
A ball python comes into view.
There is an open door here.
MP restored: 15 A ball python is nearby!
Casting: Poisonous Vapours (safe; 2% risk of failure)
Confirm with . or Enter, or press ? or * to list all spells.
Aiming: Poisonous Vapours (safe; 2% risk of failure)
Press: ? - help, Dir - move target, f - ball python
Aim: a ball python (asleep)
You feel a strong surge of power!
Poisonous vapours surround the ball python!
The ball python is poisoned.
The ball python hisses angrily.
You now have 13/15 mp.
You hit the ball python.
You kill the ball python!
You see here a ball python corpse.
An adder comes into view.
MP restored: 15 Are you sure you want to abandon this character and quit the game? (Confirm with "yes".)

###########..S...#
..........#......#...#
######....#......#...# #
..........#......#...##.
.####.....#......#..... ..
.#####....#......#...# ...
.......####......#...##...
.......# #.....@.........
.......# #...###.........
.......##### #...........
........†######...†.......
....#.........#...........
....#.........#.....######
....#.........###...#
#####...........'...#
#..........##...#


You could see an adder (asleep).

Vanquished Creatures
  A worm (D:2)
  2 giant cockroaches (D:1)
  A goblin (D:1)
  2 hobgoblins (D:1)
  6 jackals (D:1)
  2 quokkas (D:1)
  4 ball pythons
  3 bats (D:1)
  A frilled lizard (D:1)
  A rat (D:1)
23 creatures vanquished.

Notes
Turn   | Place    | Note
-------+----------+-------------------------------------------
     0 | D:1      | Psyclone the Octopode Venom Mage began the quest for the
                  | Orb.
     0 | D:1      | Reached XP level 1. HP: 11/11 MP: 3/3
    80 | D:1      | Identified 3 scrolls of acquirement
    80 | D:1      | Acquired the ring of the Mage {Wiz Archmagi}
    80 | D:1      | Found the ring of the Mage {Wiz Archmagi}
    86 | D:1      | Acquired the ring "Yjoxom" {Contam rPois rC++ MP+9 Int+8
                  | Dex-4}
   207 | D:1      | Acquired the +3 Elemental Staff {rElec rF+ rC+ AC+3}
   207 | D:1      | Found the +3 Elemental Staff {rElec rF+ rC+ AC+3}
   400 | D:1      | Reached XP level 2. HP: 17/17 MP: 5/5
   418 | D:1      | Learned a level 2 spell: Poisonous Vapours
   775 | D:1      | Reached XP level 3. HP: 21/21 MP: 6/6
  1083 | D:2      | Reached skill level 4 in Poison Magic
  1168 | D:2      | Quit the game

Illustrated notes

Levels and vault maps discovered:
D:1:      spicycebolla_arrival_ecumenical, layout_loops_ring
D:2:      layout_basic

Skill      XL: |  1  2  3 |
---------------+----------+-----
Stealth        | 3 |  3.2
Poison Magic   | 4 |  4.0
Dodging        | |  2.3
Spellcasting   | |  2.3
Transmutations | |  1.5

Action                     || total
---------------------------++-------
  Melee: Staff             ||    35
         Constrict         ||     7
         Tentacles         ||     6
   Cast: Sting             ||     7
         Poisonous Vapours ||    10
    Use: Scroll            ||     3
   Stab: Sleeping          ||     3
 Armour: Skin              ||    11
  Dodge: Dodged            ||    33
